 Dungeon Crawl Stone Soup version 0.31-a0-187-gba352fbbf7 (webtiles) character file.

Game seed: 10420296929527845683

147 qw the Skirmisher (level 5, -2/29 HPs)
             Began as a Deep Elf Hunter on June 22, 2023.
             Killed from afar by an orc wizard (6 damage)
             ... with a magic dart
             ... on level 4 of the Dungeon.
             The game lasted 00:00:46 (2458 turns).

qw the Skirmisher (Deep Elf Hunter)                 Turns: 2458, Time: 00:00:47

Health: -2/29      AC:  5    Str: 10    XL:     5   Next: 8%
Magic:  7/7        EV: 11    Int: 14    God:
Gold:   102        SH:  0    Dex: 18    Spells: 4/4 levels left

rFire   . . .        Y - +0 shortbow
rCold   . . .        (shield currently unavailable)
rNeg    . . .        f - +0 ring mail
rPois   .            (no helmet)
rElec   .            (no cloak)
rCorr   .            (no gloves)
SInv    .            (no boots)
Will    .....        (no amulet)
Stlth   +            (no ring)
HPRegen 0.24/turn    (no ring)
MPRegen 0.10/turn

%: no passive effects
@: no status effects
A: no striking features
a: no special abilities


You were on level 4 of the Dungeon.
You visited 1 branch of the dungeon, and saw 4 of its levels.

You collected 102 gold pieces.


   Skills:
 - Level 1.5 Fighting
 + Level 8.5 Ranged Weapons
 - Level 2.4 Dodging
 - Level 1.2 Stealth


You had 4 spell levels left.
You didn't know any spells.
Your spell library was empty.

Inventory:

Hand Weapons
 Y - a +0 shortbow (weapon)
Armour
 f - a +0 ring mail (worn)
Potions
 a - a potion of berserk rage {unknown}
 d - 2 potions of curing
 i - a potion of heal wounds {unknown}
 j - a potion of magic {unknown}

Dungeon Overview and Level Annotations

Branches:
Dungeon (4/15)
 Temple: D:4-7

Altars:

Shops:
D:1 ![[


Message History

The orc closely misses you.
You shoot an arrow. The arrow hits the orc.
You kill the orc!
Something hits you but does no damage.
You shoot an arrow. The arrow closely misses the orc.
The orc barely misses you. Something hits you but does no damage.
You shoot an arrow. The arrow hits the orc.
The orc is severely wounded.
The orc barely misses you. Something hits you but does no damage.
You shoot an arrow. The arrow hits the orc.
The orc is almost dead.
The orc hits you but does no damage.
You hear some strange, mumbled words.
A puff of flame appears from out of thin air!
The puff of flame hits you.
You shoot an arrow. The arrow barely misses the orc.
The orc misses you.
You hear some strange, mumbled words.
A puff of flame appears from out of thin air!
The puff of flame hits you.
You shoot an arrow. The arrow hits the orc!
You kill the orc!
Something hits you.
You shoot an arrow. Something hits you but does no damage. Something hits you.
You shoot an arrow. Something hits you.
You shoot an arrow. Something hits you.
You shoot an arrow. Something hits you.
You shoot an arrow. Something hits you.
You shoot an arrow. Something completely misses you.
You shoot an arrow.
You hear some strange, mumbled words.
A magic dart appears from out of thin air!
The magic dart hits you.
You die...

.########
#.......##
.......<.#
.........##
.......)@.#
.......){)#
.......[...#
........)..#
.........).#
...........#
.........##
.........#


There were no monsters in sight!

Vanquished Creatures
  Jessica (D:2)
  3 gnolls (D:3)
  2 adders (D:3)
  A worm (D:3)
  A dart slug (D:1)
  3 orcs (D:4)
  6 ball pythons
  5 bats
  7 endoplasms
  3 giant cockroaches
  5 goblins
  2 hobgoblins
  7 jackals
  6 kobolds
  2 quokkas (D:1)
  2 frilled lizards
  6 rats
62 creatures vanquished.

Notes
Turn   | Place    | Note
-------+----------+-------------------------------------------
     0 | D:1      | qw the Deep Elf Hunter began the quest for the Orb.
     0 | D:1      | Reached XP level 1. HP: 12/12 MP: 3/3
     0 | D:1      | 0 ||| qw: Version: 0.3-a-9-g12657ce
     0 | D:1      | 0 ||| qw: Game counter: 2560
     0 | D:1      | 0 ||| qw: Always use a shield: true
     0 | D:1      | 0 ||| qw: God list: Okawaru
     0 | D:1      | 0 ||| qw: Allow faded altars: false
     0 | D:1      | 0 ||| qw: Do Orc after D:15 true
     0 | D:1      | 0 ||| qw: Do second Lair branch before Depths: true
     0 | D:1      | 0 ||| qw: Lair rune preference: random
     0 | D:1      | 0 ||| qw: Plans: Normal
     0 | D:1      | 0 ||| PLANNING D:1-11
    39 | D:1      | Found a faded altar of an unknown god.
    63 | D:1      | Found Zoatar's Book Shop.
    73 | D:1      | Reached XP level 2. HP: 16/16 MP: 4/4
    77 | D:1      | Reached skill level 6 in Ranged Weapons
   103 | D:1      | Found Omif's Antique Armour Emporium.
   105 | D:1      | Found Xunnupt's Armour Shoppe.
   115 | D:1      | 115 ||| SHOPLISTING glowing ring mail (168 gold, have 0).
   115 | D:1      | 115 ||| SHOPLISTING pair of gloves (108 gold, have 0).
   117 | D:1      | 117 ||| SHOPLISTING +1 ring mail of fire resistance (208
                  | gold, have 0).
   239 | D:1      | Reached XP level 3. HP: 20/20 MP: 5/5
   270 | D:1      | Found Hompae's Distillery.
   279 | D:1      | 279 ||| SHOPLISTING 2 potions of enlightenment (110 gold,
                  | have 15).
   279 | D:1      | 279 ||| SHOPLISTING potion of curing (33 gold, have 15).
   279 | D:1      | 279 ||| SHOPLISTING potion of experience (550 gold, have
                  | 15).
   279 | D:1      | 279 ||| SHOPLISTING potion of heal wounds (55 gold, have
                  | 15).
   279 | D:1      | 279 ||| SHOPLISTING potion of might (44 gold, have 15).
   574 | D:1      | 574 ||| UPGRADING to +0 ring mail.
   584 | D:1      | 584 ||| DROPPING +0 leather armour.
   585 | D:1      | 585 ||| READING scroll labelled CAAZIRGH NAOX.
   586 | D:1      | 586 ||| READING scroll labelled LETU SUJIGRE.
   587 | D:1      | 587 ||| READING scroll labelled KEAHAWUXOV.
   588 | D:1      | 588 ||| DRINKING 3 pink potions.
   589 | D:1      | 589 ||| DROPPING scroll of butterflies.
   748 | D:2      | Reached skill level 7 in Ranged Weapons
  1050 | D:2      | Noticed Jessica
  1056 | D:2      | Killed Jessica
  1057 | D:2      | Reached XP level 4. HP: 25/25 MP: 6/6
  1237 | D:2      | 1237 ||| READING scroll labelled WIM RICIODU.
  1908 | D:3      | Reached skill level 8 in Ranged Weapons
  2024 | D:3      | Identified the +7 whip of Cada {freeze, rCorr}
  2160 | D:3      | Reached XP level 5. HP: 29/29 MP: 7/7
  2455 | D:4      | HP: 7/29 [something (1)]
  2456 | D:4      | HP: 3/29 [something (4)]
  2458 | D:4      | Killed from afar by an orc wizard

Levels and vault maps discovered:
D:1:      reono_arrival_forest_river, layout_basic,
          hellmonk_ecumenical_altar_lost_god, serial_shops, shop, shop, shop,
          shop
D:2:      layout_basic, minmay_misc_feat_doors, roderic_roman_lattice,
          uniq_jessica
D:3:      layout_basic, serial_bayou_pond_c, hangedman_feature_mirror,
          minmay_misc_feat_alley, kennysheep_generic_room_13
D:4:      layout_cave_pods, gammafunk_temple_overflow_wave,
          minmay_temple_entry_drinking_statues

Skill      XL: |  1  2  3  4 |
---------------+-------------+-----
Ranged Weapons | 6 7 8 |  8.5
Fighting       | |  1.5
Dodging        | |  2.4
Stealth        | |  1.2

Action                     |  1- 3 |  4- 6 || total
---------------------------+-------+-------++-------
   Fire: Shortbow          |    94 |    80 ||   174
    Use: Scroll            |     3 |     1 ||     4
         Potion            |     1 |       ||     1
 Armour: Leather armour    |     7 |       ||     7
         Ring mail         |     6 |    10 ||    16
  Dodge: Dodged            |    11 |    25 ||    36

Table legend:
 A = Non-vault XP
 B = Vault XP
 C = Vault XP percentage of total XP
 D = Non-vault monster count
 E = Vault monster count
 F = Vault count percentage of total count
                 A         B        C        D         E       F
            +---------+---------+-------+---------+---------+-------
      Total |     167 |      44 |  20.9 |      59 |       3 |   4.8
            +---------+---------+-------+---------+---------+-------
        D:1 |      53 |       0 |   0.0 |      29 |       0 |   0.0
        D:2 |      19 |      37 |  66.1 |      12 |       1 |   7.7
        D:3 |      81 |       7 |   8.0 |      12 |       2 |  14.3
        D:4 |      14 |       0 |   0.0 |       6 |       0 |   0.0
            +---------+---------+-------+---------+---------+-------
